 Dungeon Crawl Stone Soup version 0.31.0 (webtiles) character file.

Game seed: 8928992245731395662

352 BubbleThief the Frost Mage (level 6, -5/41 HPs)
             Began as a Barachi Ice Elementalist on Jan 20, 2024.
             Slain by Grinder (8 damage)
             ... on level 4 of the Dungeon.
             The game lasted 00:07:05 (3110 turns).

BubbleThief the Frost Mage (BaIE)                   Turns: 3110, Time: 00:07:05

Health: -5/41      AC:  3    Str: 10    XL:     6   Next: 61%
Magic:  1/12       EV: 12    Int: 17    God:
Gold:   195        SH:  0    Dex: 12    Spells: 6/13 levels left

rFire   . . .        j - +1 dagger
rCold   + . .        (no shield)
rNeg    . . .        a - +0 robe
rPois   .            (no helmet)
rElec   .            m - +0 cloak
rCorr   .            (no gloves)
SInv    .            (no boots)
Will    .....        f - amulet of regeneration
Stlth   ++           n - ring of protection from cold
HPRegen 1.06/turn    (no ring)
MPRegen 0.13/turn

%: no passive effects
@: mighty, slow
A: amphibious, slowness 1, strong legs 1, +LOS
a: Hop


You were on level 4 of the Dungeon.
You visited 1 branch of the dungeon, and saw 4 of its levels.

You collected 195 gold pieces.

Inventory:

Hand Weapons
 j - a +1 dagger (weapon)
Armour
 a - a +0 robe (worn)
 m - a +0 cloak (worn)
Magical Staves
 c - a staff of air
Jewellery
 f - an amulet of regeneration (around neck)
 n - a ring of protection from cold (left hand)
Scrolls
 d - 2 scrolls of enchant weapon
 g - 3 scrolls of identify {unknown}
 l - a scroll of blinking {unknown}
 p - a scroll of teleportation {unknown}
 s - a scroll of enchant armour {unknown}
Potions
 b - a potion of magic
 h - a potion of invisibility {unknown}
 i - 2 potions of attraction
 k - a potion of cancellation {unknown}
 o - a potion of brilliance {unknown}
 q - a potion of might
 r - a potion of haste {unknown}


   Skills:
 - Level 2.1 Dodging
 - Level 1.7 Stealth
 + Level 4.3 Spellcasting
 * Level 8.0 Ice Magic


You had 6 spell levels left.
You knew the following spells:

 Your Spells              Type           Power      Damage    Failure   Level
a - Freeze                Ice            100%       1d10      1%          1
b - Frozen Ramparts       Ice            62%        1d10      1%          3
c - Ozocubu's Armour      Ice            31%        N/A       1%          3

Your spell library contained the following spells:

 Spells                   Type           Power      Damage    Failure   Level
 Hailstorm                Conj/Ice       17%        3d6       9%          3
 Summon Ice Beast         Ice/Summ       17%        N/A       9%          3
 Animate Armour           Summ/Erth      6%         N/A       83%         4
 Summon Lightning Spire   Summ/Air       3%         N/A       83%         4
 Lee's Rapid Deconstruct  Erth           1%         3d4*      99%         5
 Sculpt Simulacrum        Ice/Alch       8%         N/A       99%         6


Dungeon Overview and Level Annotations

Branches:
Dungeon (4/15)
 Temple: D:4-7

Altars:
Wu Jian

Shops:
D:1 [

Annotations:
D:4 Grinder


Innate Abilities, Weirdness & Mutations

You are amphibious.
You cover ground slowly.
You can hop short distances.
You have an extended range of vision and can be seen from far away.


Message History

Grinder gestures at you. You resist with significant effort.
Aiming: Freeze (safe; 1% risk of failure)
Press: ? - help, Q - select action, (/) - cycle Shift-Dir - straight line, f - Grinder
Aim: Grinder (almost dead)
You freeze Grinder.
Grinder resists.
Grinder is almost dead.
Grinder completely resists.
The wall freezes Grinder but does no damage.
Grinder hits you!
You writhe in agony.
You closely miss Grinder.
Grinder is almost dead.
Grinder resists.
The wall freezes Grinder.
Grinder blinks!
Okay, then.
Grinder gestures at you. Pain shoots through your body!
* * * LOW HITPOINT WARNING * * *
Grinder gestures at you. You resist with significant effort.
The frozen ramparts melt away.
Unknown command.
You aren't carrying any items that you can evoke.
Unknown command.
Unknown command.
Unknown command.
Unknown command.
Unknown command.
You are too injured to fight recklessly!
It was a potion of might.
You feel very mighty all of a sudden. Grinder gestures at you.
You barely resist.
Okay, then.
Grinder hits you!
* * * LOW HITPOINT WARNING * * *
You barely miss Grinder.
Grinder is almost dead.
Grinder hits you!
You die...
Grinder sighs, "Dead already?
I want a refund."

# ### ### ..#####.##
****** * .........###
**,,,,****
..:######..###
****,,,,,,,** ..##
###..###
***,,,,,,,,,,,, ..#
##...##
*,,,,,,,,,,,,,, .##
###..###,,,,,,,,,,,,,,
>#
###@5#,,,,,,,,,,,,,,
## ###........,,,,,,,
# *#.......,,,,,,,
*.......,,,,,,,
**,......,,,,,*,
*,,##....,,,,***
*,,**#...,,,,* * **,**
*##.,,,** * *,**
***,** *


You could see Grinder.

Vanquished Creatures
  A black bear (D:4)
  A hound (D:4)
  An orc priest (D:4)
  An iguana (D:3)
  Jessica (D:3)
  An orc wizard (D:4)
  3 gnolls (D:4)
  An adder (D:2)
  A dart slug (D:2)
  2 ribbon worms (D:2)
  2 orcs
  7 bats
  5 endoplasms
  3 giant cockroaches
  4 goblins
  11 hobgoblins
  8 kobolds
  4 quokkas
  6 ball pythons
  4 frilled lizards
  6 rats
73 creatures vanquished.

Notes
Turn   | Place    | Note
-------+----------+-------------------------------------------
     0 | D:1      | BubbleThief the Barachi Ice Elementalist began the quest
                  | for the Orb.
     0 | D:1      | Reached XP level 1. HP: 13/13 MP: 3/3
    98 | D:1      | Reached skill level 5 in Ice Magic
   152 | D:1      | Found Xida Gics's Armour Shop.
   233 | D:1      | Reached XP level 2. HP: 19/19 MP: 3/5
   615 | D:1      | Reached XP level 3. HP: 24/24 MP: 2/7
   673 | D:1      | Learned a level 3 spell: Frozen Ramparts
  1412 | D:2      | Reached skill level 6 in Ice Magic
  1553 | D:2      | Reached XP level 4. HP: 30/30 MP: 2/8
  2221 | D:3      | Found an ornate altar of the Wu Jian Council.
  2254 | D:3      | Noticed Jessica
  2265 | D:3      | Killed Jessica
  2266 | D:3      | Reached XP level 5. HP: 34/35 MP: 4/10
  2615 | D:4      | Noticed a black bear
  2627 | D:4      | Killed a black bear
  2628 | D:4      | Reached skill level 7 in Ice Magic
  2628 | D:4      | Reached XP level 6. HP: 29/41 MP: 3/11
  2748 | D:4      | Learned a level 3 spell: Ozocubu's Armour
  2817 | D:4      | Reached skill level 8 in Ice Magic
  3035 | D:4      | Noticed Grinder
  3058 | D:4      | Paralysed by Grinder for 5 turns
  3092 | D:4      | Paralysed by Grinder for 4 turns
  3099 | D:4      | Paralysed by Grinder for 2 turns
  3109 | D:4      | HP: 2/41 [Grinder (8)]
  3110 | D:4      | Slain by Grinder

Illustrated notes

Levels and vault maps discovered:
D:1:      saegor_arrival_under_anarchy, layout_basic, serial_shops, shop,
          wander_ebering_terrifying_dragon_lair
D:2:      layout_rooms, minmay_misc_feat_four_crosses, uniq_crazy_yiuf_cottage
D:3:      layout_loops_ring, nicolae_wu_jian_immortal_techniques, uniq_jessica
D:4:      layout_cave_pods, okawaru_altar_gauntlet_db, minivault_14,
          uniq_grinder

Skill      XL: |  1  2  3  4  5  6 |
---------------+-------------------+-----
Ice Magic      | 5 6 7 8 |  8.0
Spellcasting   | 3 4 |  4.3
Dodging        | |  2.1
Stealth        | |  1.7

Action                     |  1- 3 |  4- 6 || total
---------------------------+-------+-------++-------
  Melee: Dagger            |     5 |    42 ||    47
         Punch             |       |     1 ||     1
   Cast: Freeze            |    62 |    43 ||   105
         Frozen Ramparts   |     3 |     9 ||    12
         Ozocubu's Armour  |       |     1 ||     1
    Use: Potion            |       |     3 ||     3
         Scroll            |       |     2 ||     2
   Stab: Sleeping          |       |     1 ||     1
 Armour: Robe              |    28 |    30 ||    58
         Skin              |       |    25 ||    25
  Dodge: Dodged            |    27 |    36 ||    63
